 Dungeon Crawl Stone Soup version 0.30-a0-394-g3e4acdb0ae (webtiles) character file.

Game seed: 359160271241885328

6913 funkygono the Arsonist (level 10, -16/67 HPs)
             Began as a Demonspawn Fire Elementalist on Dec 6, 2022.
             Was a Priest of Vehumet.
             Demolished by a shadow (31 damage)
             ... summoned by an orange crystal statue
             ... on level 10 of the Dungeon.
             The game lasted 00:17:11 (12219 turns).

funkygono the Arsonist (DsFE)                      Turns: 12219, Time: 00:17:11

Health: -16/67     AC:  9    Str:  8      XL:     10   Next: 79%
Magic:  1/23       EV: 12    Int: 20 (27) God:    Vehumet [***...]
Gold:   696        SH:  0    Dex: 14      Spells: 14/28 levels left

rFire   + . .      SeeInvis .    P - +4 short sword (speed)
rCold   x . .      Faith    .    (no shield)
rNeg    . . .      Spirit   .    B - +3 leather armour {rPois}
rPois   +          Reflect  .    (helmet restricted)
rElec   .          Harm     .    A - +0 cloak
rCorr   .          Rampage  .    (no gloves)
Will    .....                    n - +1 pair of boots
Stlth   +.........               G - amulet of the acrobat
HPRegen 0.31/turn                e - ring of fire
MPRegen 0.18/turn                v - +6 ring of intelligence

@: confused
A: antennae 1, large bone plates 3, demonic guardian 1, foul stench 2
a: Renounce Religion


You were on level 10 of the Dungeon.
You worshipped Vehumet.
Vehumet was most pleased with you.
You visited 2 branches of the dungeon, and saw 11 of its levels.

You collected 696 gold pieces.

Inventory:

Hand Weapons
 f - a +2 short sword of draining
 P - a +4 short sword of speed (weapon)
Armour
 b - a +2 robe of willpower
 n - a +1 pair of boots (worn)
 A - a +0 cloak (worn)
 B - a +3 leather armour of poison resistance (worn)
Jewellery
 e - a ring of fire (left hand)
 m - a +6 ring of intelligence
 t - a ring of resist corrosion
 v - a +6 ring of intelligence (right hand)
 w - a ring of willpower
 y - a ring of fire
 E - a ring of protection from cold
 G - an amulet of the acrobat (around neck)
 H - an amulet of regeneration
 I - a ring of protection from cold
 K - a ring of protection from cold
 N - a ring of ice
 T - an amulet of faith
Wands
 j - a wand of charming (9)
 l - a wand of polymorph (5)
 x - a wand of mindburst (15)
 J - a wand of iceblast (29) (quivered)
 L - a wand of digging (8)
 Q - a wand of light (3)
Scrolls
 a - a scroll of vulnerability
 k - a scroll of butterflies
 o - 3 scrolls of fear
 p - a scroll of magic mapping
 q - a scroll of amnesia
 r - 4 scrolls of teleportation
 M - 2 scrolls of blinking
Potions
 c - a potion of resistance
 d - 4 potions of heal wounds
 g - 2 potions of flight
 h - a potion of invisibility {unknown}
 i - 2 potions of curing
 s - a potion of attraction {unknown}
 u - 2 potions of haste
 z - a potion of cancellation {unknown}
 C - 2 potions of berserk rage
 D - 2 potions of lignification
 F - 2 potions of magic
 O - a potion of might {unknown}


   Skills:
 + Level 2.1 Fighting
 + Level 1.0 Armour
 + Level 3.2 Dodging
 - Level 1.7 Stealth
 + Level 1.4 Shields
 + Level 9.6 Spellcasting
 + Level 6.8 Conjurations
 + Level 0.2 Translocations
 + Level 9.8 Fire Magic
 + Level 0.2 Air Magic


You had 14 spell levels left.
You knew the following spells:

 Your Spells              Type           Power      Damage    Failure   Level
a - Foxfire               Conj/Fire      100%       2x1d9     1%          1
b - Scorch                Fire           100%       2d10      1%          2
c - Kindle Blastsparks    Fire/Tloc/Air  70%        2d15      2%          3
d - Flame Wave            Conj/Fire      59%        2d14      1%          4
e - Shock                 Conj/Air       92%        1d8       1%          1
f - Ignite Poison         Fire/Tmut/Pois 34%        N/A       2%          3

Your spell library contained the following spells:

 Spells                   Type           Power      Damage    Failure   Level
 Inner Flame              Hex/Fire       44%        N/A       1%          3
 Sticky Flame             Conj/Fire      59%        2d7       1%          4
 Apportation              Tloc           20%        N/A       9%          1
 Frozen Ramparts          Ice            18%        1d3       9%          3
 Necrotise                Necr           36%        1d5       11%         1
 Ensorcelled Hibernation  Hex/Ice        18%        N/A       16%         2
 Passwall                 Tmut/Erth      7%         N/A       16%         2
 Arcjolt                  Conj/Air       11%        1d21      17%         5
 Swiftness                Air            10%        N/A       26%         3
 Vhi's Electric Charge    Tloc/Air       20%        N/A       26%         3
 Portal Projectile        Hex/Tloc       20%        N/A       28%         3
 Call Canine Familiar     Summ           9%         N/A       30%         3
 Tukima's Dance           Hex            9%         N/A       30%         3
 Vampiric Draining        Necr           9%         2d6       30%         3
 Yara's Violent Unravell  Hex/Tmut       4%         3d4       54%         5
 Passage of Golubria      Tloc           10%        N/A       65%         4
 Ice Form                 Ice/Tmut       9%         N/A       71%         4
 Leda's Liquefaction      Hex/Erth       4%         N/A       71%         4
 Summon Ice Beast         Ice/Summ       9%         N/A       71%         4
 Agony                    Necr           9%         N/A       96%         5
 Alistair's Intoxication  Tmut/Pois      6%         N/A       96%         5
 Enfeeble                 Hex            4%         N/A       100%        7
 Maxwell's Capacitive Co  Air            5%         ∞         100%        8


Dungeon Overview and Level Annotations

Branches:
Dungeon (10/15)            Temple (1/1) D:5
   Lair: D:8-11         Orc: D:9-12

Altars:
Ashenzari
Cheibriados
Dithmenos
Fedhas
Gozag
Hepliaklqana
Kikubaaqudgha
Makhleb
Nemelex Xobeh
Okawaru
Qazlal
Ru
Sif Muna
Trog
Uskayaw
Vehumet
Wu Jian
Xom
Yredelemnul

Annotations:
D:10 exclusion: orange crystal statue


Innate Abilities, Weirdness & Mutations

You have a pair of small antennae on your head.
You are completely covered in large bone plates. (SH +8)
A weak demonic guardian rushes to your aid.
You sometimes emit foul miasma when damaged in melee.


Message History

Your iron imp appears confused.
Your iron imp misses the killer bee.
You hit the orange crystal statue but do no damage.
The orange crystal statue is severely damaged.
The shadow hits you.
The orange crystal statue fixes its piercing gaze on you.
Something tries to feed on your intellect!
Your iron imp hits the shadow.
You feel much better. The shadow hits you!
Your iron imp misses the shadow.
You bump into the rock wall.
The shadow slips into darkness.
The shadow flickers and vanishes!
Deactivating autopickup; reactivate with Ctrl-A.
The orange crystal statue fixes its piercing gaze on you.
You feel your power leaking away.
You hit the orange crystal statue but do no damage.
The orange crystal statue is heavily damaged.
Your iron imp seems less confused.
Your iron imp hits the killer bee!
The shadow strikes at you from the darkness!
Reactivating autopickup.
The orange crystal statue fixes its piercing gaze on you.
You bump into the rock wall.
The shadow hits you!
* * * LOW HITPOINT WARNING * * *
Your iron imp hits the killer bee!
The killer bee dies!
The killer bee's corpse dissolves into shadows!
The orange crystal statue glitters.
You are more confused.
Your iron imp easily resists.
You bump into the rock wall.
The shadow slips into darkness.
The shadow flickers and vanishes!
Deactivating autopickup; reactivate with Ctrl-A.
Your iron imp closely misses something.
You hit the orange crystal statue but do no damage.
The orange crystal statue is heavily damaged.
You bump into the rock wall.
The shadow strikes at you from the darkness!
You die...

....############################.
.................................
..............................<..
>...########.........# ##########
.....# #...###.....## #..# ....##
##...###...## #..# ..###
##...##5y.# ##.># .## ###..##{###
#..## .## #....#@#.## #..# ..##
##...##8#..## ##..# ...###
#...#####...###...###### .<...##
#..## ##..............
......####..# ##.............
.......##..## ##..#.....####
...........# ##..#.....#
...........# ###...##....####
..........## ###......#........


You could see an orange crystal statue (ally target), a killer bee (summoned)
and a friendly iron imp (summoned).

Vanquished Creatures
  A komodo dragon (D:10)
  A hornet (D:10)
  3 wyverns
  Sigmund (D:2)
  A wraith (D:9)
  A shadow (D:10)
  8 yaks
  A steam dragon (D:7)
  Edmund (D:6)
  2 water moccasins
  An orc warrior (D:7)
  A black bear (D:7)
  4 sky beasts
  6 centaurs
  2 ogres (D:6)
  A phantom (D:4)
  5 kobold brigands
  Blork the orc (D:6)
  A bullfrog (D:7)
  3 scorpions
  5 wights (D:8)
  13 killer bees
  5 howler monkeys
  3 jellies
  2 gnoll boudas
  4 orc priests
  5 hounds
  4 iguanas
  Terence (D:3)
  An orc wizard (D:6)
  Robin (D:2)
  8 gnolls
  3 adders
  A shadow imp (D:5)
  A white imp (D:8)
  17 orcs
  11 ball pythons
  3 endoplasms
  4 giant cockroaches
  13 goblins
  10 hobgoblins
  4 jackals
  2 quokkas
  3 bats
  3 frilled lizards
  37 kobolds
  13 rats
222 creatures vanquished.

Vanquished Creatures (collateral kills)
  A yak (D:10)
  A centaur (D:9)
  3 foxfires (D:8)
5 creatures vanquished.

Vanquished Creatures (others)
  694 foxfires
  34 plants (D:8)
728 creatures vanquished.

Grand Total: 955 creatures vanquished

Notes
Turn   | Place    | Note
-------+----------+-------------------------------------------
     0 | D:1      | funkygono the Demonspawn Fire Elementalist began the quest
                  | for the Orb.
     0 | D:1      | Reached XP level 1. HP: 13/13 MP: 3/3
   357 | D:1      | Gained mutation: You have a pair of small antennae on your
                  | head. [demonic ancestry]
   357 | D:1      | Reached XP level 2. HP: 19/19 MP: 1/5
   951 | D:1      | Learned a level 2 spell: Scorch
  1019 | D:1      | Gained mutation: You may rarely emit foul miasma when
                  | damaged in melee. [demonic ancestry]
  1019 | D:1      | Reached XP level 3. HP: 16/24 MP: 2/6
  1091 | D:2      | Found a stormy altar of Qazlal.
  1890 | D:2      | Noticed Sigmund
  1902 | D:2      | Killed Sigmund
  1903 | D:2      | Reached XP level 4. HP: 26/30 MP: 2/9
  1903 | D:2      | Gained mutation: You are partially covered in large bone
                  | plates. (SH +4) [demonic ancestry]
  1903 | D:2      | Reached XP level 5. HP: 30/35 MP: 2/10
  2139 | D:3      | Noticed Robin
  2253 | D:2      | Killed Robin
  2418 | D:3      | Noticed Terence
  2428 | D:3      | Killed Terence
  2547 | D:3      | Learned a level 3 spell: Kindle Blastsparks
  2552 | D:3      | Learned a level 4 spell: Flame Wave
  3129 | D:3      | Gained mutation: You are mostly covered in large bone
                  | plates. (SH +6) [demonic ancestry]
  3129 | D:3      | Reached XP level 6. HP: 41/41 MP: 7/11
  3404 | D:3      | Found a faded altar of an unknown god.
  3408 | D:3      | Found a hazy altar of Hepliaklqana.
  4158 | D:4      | Reached skill level 5 in Spellcasting
  4158 | D:4      | Gained mutation: You sometimes emit foul miasma when
                  | damaged in melee. [demonic ancestry]
  4158 | D:4      | Reached XP level 7. HP: 46/46 MP: 8/14
  4367 | D:4      | Reached skill level 5 in Fire Magic
  4515 | D:4      | Found a snail-covered altar of Cheibriados.
  5010 | D:5      | Entered Level 5 of the Dungeon
  5347 | D:5      | Found a hide-covered altar of Uskayaw.
  5841 | D:5      | Found a staircase to the Ecumenical Temple.
  5844 | D:5      | Reached XP level 8. HP: 52/52 MP: 12/16
  5849 | Temple   | Entered the Ecumenical Temple
  5875 | Temple   | Became a worshipper of Vehumet
  6660 | D:6      | Found a sacrificial altar of Ru.
  7020 | D:6      | Noticed Edmund
  7031 | D:6      | Killed Edmund
  7182 | D:6      | Reached * piety under Vehumet
  7182 | D:6      | Offered knowledge of Freeze by Vehumet.
  7408 | D:6      | Noticed Blork the orc
  7412 | D:6      | Killed Blork the orc
  7979 | D:7      | Gained mutation: A weak demonic guardian rushes to your
                  | aid. [demonic ancestry]
  7979 | D:7      | Reached XP level 9. HP: 57/57 MP: 5/19
  8670 | D:7      | You fall into a shaft and drop 3 floors!
  8670 | D:10     | Entered Level 10 of the Dungeon
  8670 | D:10     | Found a broken altar of Ashenzari.
  8711 | D:10     | Reached skill level 1 in Fighting
  9052 | D:9      | Reached skill level 5 in Conjurations
  9610 | D:8      | Reached ** piety under Vehumet
  9610 | D:8      | Offered knowledge of Shock by Vehumet.
  9611 | D:8      | Gained mutation: You are completely covered in large bone
                  | plates. (SH +8) [demonic ancestry]
  9611 | D:8      | Reached XP level 10. HP: 38/65 MP: 8/22
  9803 | D:8      | Learned a level 1 spell: Shock
 10479 | D:9      | Offered knowledge of Ignite Poison by Vehumet.
 10744 | D:9      | Reached skill level 1 in Shields
 11177 | D:9      | Learned a level 3 spell: Ignite Poison
 11240 | D:10     | Found an iron altar of Okawaru.
 11800 | D:10     | Reached skill level 1 in Armour
 11923 | D:10     | Reached *** piety under Vehumet
 12123 | D:10     | Noticed an orange crystal statue
 12152 | D:10     | Noticed a deep elf pyromancer
 12219 | D:10     | Demolished by a shadow

Illustrated notes

Levels and vault maps discovered:
D:1:      erik_arrival_blinker_ship, layout_loops_ring,
          chequers_serial_rivers_micro_d
D:2:      layout_basic, basic_altar, st_stairs_14,
          hangedman_decor_clover_reticule, kennysheep_cross_room,
          minmay_misc_feat_rows, uniq_sigmund
D:3:      layout_basic, nicolae_overflow_ecumenical_swirl, lemuel_crystal_altar,
          uniq_robin, uniq_terence
D:4:      minmay_bubble_buster, layout_basic, cheibriados_altar_1
D:5:      layout_basic, nicolae_uskayaw_murder_on_the_dancefloor,
          minmay_temple_entry_enclosed_plants
D:6:      layout_basic, nicolae_ru_awakened_eye, kennysheep_generic_room_13,
          uniq_blork_the_orc, uniq_edmund
D:7:      layout_gridville
D:8:      layout_gridville, serial_bayou_lagoon_a, minmay_misc_feat_x,
          dreamdust_gnoll_shepherd
D:9:      layout_rooms, minmay_misc_feat_columns, centaur_isle
D:10:     minmay_statue_hallways, layout_layer_cave, mainiacjoe_overflow_paths,
          mainiacjoe_overflow_boulevard
Temple:   hellmonk_temple_of_storms

Skill      XL: |  1  2  3  4  5  6  7  8  9 10 |
---------------+-------------------------------+-----
Dodging        | 2 3 |  3.2
Fire Magic     | 3 4 5 7 8 9 |  9.8
Spellcasting   | 3 5 7 8 9 |  9.6
Conjurations   | 2 3 4 5 6 |  6.8
Fighting       | 1 2 |  2.1
Shields        | 1 |  1.4
Armour         | 1 |  1.0
Stealth        | |  1.7
Translocations | |  0.2
Air Magic      | |  0.2

Action                   |  1- 3 |  4- 6 |  7- 9 | 10-12 || total
-------------------------+-------+-------+-------+-------++-------
Melee: Short sword       |       |       |     2 |    47 ||    49
       Punch             |       |       |       |     1 ||     1
 Cast: Foxfire           |    62 |    56 |   177 |   112 ||   407
       Scorch            |     7 |    20 |    60 |    24 ||   111
       Flame Wave        |       |       |     8 |     2 ||    10
       Kindle Blastspark |       |       |     2 |       ||     2
  Use: Potion            |     1 |       |       |     3 ||     4
       Scroll            |       |       |    13 |    10 ||    23
Armor: Robe              |     4 |     8 |       |       ||    12
       Skin              |       |       |     1 |       ||     1
       Leather armour    |       |       |       |    17 ||    17
Dodge: Dodged            |    11 |    21 |    27 |    61 ||   120
Block: Other             |       |     5 |    12 |    27 ||    44

Table legend: (Time is in decaauts)
 A = Elapsed time spent in this place.
 B = Non-inter-level travel time spent in this place.
 C = Inter-level travel time spent in this place.
 D = Time resting spent in this place.
 E = Time spent auto-exploring this place.
 F = Levels seen in this place.
 G = Mean time per level.
                   A        B        C        D        E       F      G
               +--------+--------+--------+--------+--------+-----+--------+
         Total |  12214 |  11939 |    275 |    405 |  10083 |  11 | 1110.4 |
       Dungeon |  12151 |  11884 |    267 |    405 |  10044 |  10 | 1215.1 |
        Temple |     62 |     55 |      7 |      0 |     39 |   1 |   62.0 |
               +--------+--------+--------+--------+--------+-----+--------+

Top non-repeatable levels by time:
     D:5: 1485 daAuts
     D:4: 1394 daAuts
     D:2: 1311 daAuts
     D:6: 1276 daAuts
    D:10: 1261 daAuts
     D:3: 1256 daAuts
     D:7: 1185 daAuts
     D:9: 1137 daAuts
     D:1: 1051 daAuts
     D:8: 791 daAuts
  Temple: 62 daAuts
